 Dungeon Crawl Stone Soup version 0.16-a0-4092-gb8933cd (webtiles) character file.

23085 Ololoev the Earth Mage (level 13, -24/79 HPs)
             Began as a Formicid Earth Elementalist on Feb 24, 2015.
             Was a High Priest of Vehumet.
             Killed from afar by a storm dragon (30 damage)
             ... with a bolt of lightning
             ... on level 12 of the Dungeon.
             The game lasted 01:04:03 (15786 turns).

Ololoev the Earth Mage (FoEE)                      Turns: 15786, Time: 01:04:03

Health: -24/79     AC: 10    Str: 14    XL:     13   Next: 32%
Magic:  30/33      EV: 12    Int: 19    God:    Vehumet [*****.]
Gold:   477        SH:  0    Dex: 11    Spells: 5 memorised, 20 levels left

rFire  . . .     SeeInvis +     b - 174 stones
rCold  . . .     Clarity  .     H - +1 steam dragon armour
rNeg   . . .     SustAb   +     (no shield)
rPois  .         Gourm    .     (helmet unavailable)
rElec  .         Spirit   .     I - +0 cloak {MR+}
rCorr  .         Warding  .     (no gloves)
rMut   .         Stasis   +     q - +2 pair of boots
MR     ++...                    (no amulet)
Stlth  +++.......               l - ring of stealth
                                D - ring of sustain abilities

@: very resistant to hostile enchantments, fairly stealthy
A: permanent stasis, dig shafts and tunnels, four strong arms, antennae 3,
placid magic 1
a: Dig, Shaft Self, Renounce Religion


You were on level 12 of the Dungeon.
You worshipped Vehumet.
Vehumet was extremely pleased with you.
You were not hungry.

You visited 2 branches of the dungeon, and saw 13 of its levels.

You collected 739 gold pieces.
You spent 262 gold pieces at shops.

Notes
Turn   | Place    | Note
--------------------------------------------------------------
     0 | D:1      | Ololoev, the Formicid Earth Elementalist, began the quest for the Orb.
     0 | D:1      | Reached XP level 1. HP: 13/13 MP: 3/3
   347 | D:1      | Reached skill level 4 in Earth Magic
   347 | D:1      | Reached XP level 2. HP: 14/19 MP: 0/6
   909 | D:1      | Reached XP level 3. HP: 18/24 MP: 2/7
  1134 | D:2      | Found a blossoming altar of Fedhas.
  1378 | D:2      | Reached skill level 5 in Earth Magic
  1472 | D:2      | Reached XP level 4. HP: 30/30 MP: 5/9
  1531 | D:2      | Learned a level 3 spell: Stone Arrow
  2867 | D:4      | Reached skill level 1 in Conjurations
  2867 | D:4      | Reached XP level 5. HP: 35/35 MP: 5/13
  3082 | D:4      | Noticed Blork the orc
  3090 | D:4      | Killed Blork the orc
  3090 | D:4      | Reached skill level 6 in Earth Magic
  3090 | D:4      | Reached XP level 6. HP: 30/41 MP: 9/15
  3498 | D:4      | Noticed an ogre
  3506 | D:4      | Killed an ogre
  3506 | D:4      | Reached skill level 7 in Earth Magic
  3506 | D:4      | Reached XP level 7. HP: 46/46 MP: 3/17
  3605 | D:4      | Learned a level 5 spell: Lee's Rapid Deconstruction
  4012 | D:4      | Noticed an ogre
  4018 | D:4      | Killed an ogre
  4571 | D:5      | Entered Level 5 of the Dungeon
  4601 | D:5      | Noticed Natasha
  4605 | D:5      | Reached skill level 8 in Earth Magic
  4608 | D:5      | Killed Natasha
  4639 | D:5      | Reached XP level 8. HP: 26/52 MP: 3/20
  4781 | D:5      | Noticed Natasha
  4783 | D:5      | Killed Natasha
  4801 | D:5      | Noticed Natasha
  4811 | D:5      | Killed Natasha
  4976 | D:5      | Found an ancient bone altar of Kikubaaqudgha.
  5307 | D:5      | Found a bloodstained altar of Trog.
  5314 | D:5      | Found a staircase to the Ecumenical Temple.
  5321 | Temple   | Entered the Ecumenical Temple
  5559 | D:5      | Learned a level 4 spell: Petrify
  5565 | D:5      | Reached skill level 5 in Spellcasting
  5565 | D:5      | Reached skill level 9 in Earth Magic
  5994 | D:6      | Reached XP level 9. HP: 57/57 MP: 8/23
  6023 | D:6      | Found a radiant altar of Vehumet.
  6034 | D:6      | Became a worshipper of Vehumet
  6169 | D:6      | Found Qupseuxt's Distillery.
  6224 | D:6      | Bought a potion of curing for 45 gold pieces
  6224 | D:6      | Bought a potion of mutation for 37 gold pieces
  6224 | D:6      | Bought a potion of poison for 15 gold pieces
  6224 | D:6      | Bought a potion of lignification for 45 gold pieces
  6235 | D:6      | Bought a potion of ambrosia for 120 gold pieces
  6255 | D:6      | Reached skill level 10 in Earth Magic
  6600 | D:6      | Found Ghazul's Jewellery Boutique.
  7090 | D:7      | Found a glowing silver altar of Zin.
  7146 | D:7      | Reached skill level 5 in Conjurations
  7153 | D:7      | Acquired Vehumet's first power
  7153 | D:7      | Offered knowledge of Magic Dart by Vehumet.
  7351 | D:7      | Reached skill level 11 in Earth Magic
  7541 | D:7      | Found a deep blue altar of Sif Muna.
  7983 | D:8      | Found a shimmering altar of Xom.
  8218 | D:8      | Found a glowing golden altar of the Shining One.
  8279 | D:8      | Reached XP level 10. HP: 63/63 MP: 23/25
  8440 | D:8      | Found an opulent altar of Gozag.
  9023 | D:8      | Reached skill level 12 in Earth Magic
  9316 | D:9      | Offered knowledge of Shock by Vehumet.
  9646 | D:9      | Noticed a cyclops
  9757 | D:9      | Reached skill level 13 in Earth Magic
 10016 | D:9      | Found a roughly hewn altar of Beogh.
 10016 | D:9      | Found a staircase to the Orcish Mines.
 10067 | D:9      | Offered knowledge of Inner Flame by Vehumet.
 10192 | D:9      | Reached XP level 11. HP: 68/68 MP: 24/29
 10220 | D:9      | Noticed Edmund
 10227 | D:9      | Killed Edmund
 10543 | D:10     | Entered Level 10 of the Dungeon
 10543 | D:10     | Found Skauniopp's Food Emporium.
 10741 | D:10     | Acquired Vehumet's second power
 10996 | D:10     | Found Yxumis' Jewellery Boutique.
 11005 | D:10     | Reached skill level 14 in Earth Magic
 11105 | D:10     | Offered knowledge of Force Lance by Vehumet.
 11166 | D:10     | Found Trio's Jewellery Boutique.
 11265 | D:10     | Noticed a hill giant
 11281 | D:10     | Killed a hill giant
 11416 | D:10     | Acquired Vehumet's third power
 11690 | D:10     | Got a jewelled hand axe
 11691 | D:10     | Identified the +6 hand axe of Gozag's Delight {venom, -Cast rC+ MR+} (You found it on level 10 of the Dungeon)
 11726 | D:10     | Offered knowledge of Olgreb's Toxic Radiance by Vehumet.
 12140 | D:10     | Found a portal to a secret trove of treasure.
 12662 | D:11     | Reached skill level 15 in Earth Magic
 12745 | D:11     | Found a staircase to the Lair.
 12802 | D:11     | Reached XP level 12. HP: 74/74 MP: 12/31
 12810 | D:11     | Noticed a green ugly thing
 12811 | D:11     | Killed a green ugly thing
 12980 | D:11     | Learned a level 1 spell: Apportation
 12990 | D:11     | Offered knowledge of Delayed Fireball by Vehumet.
 12990 | D:11     | Noticed a wolf spider
 12994 | D:11     | Killed a wolf spider
 13155 | D:11     | Noticed Maurice
 13157 | D:11     | Killed Maurice
 13391 | D:12     | Noticed Sonja
 13402 | D:12     | Killed Sonja
 13402 | D:12     | Reached skill level 10 in Spellcasting
 13606 | D:12     | Reached skill level 16 in Earth Magic
 14024 | D:12     | Found Kaugen Odgh's Antique Weapon Shoppe.
 14530 | D:12     | Offered knowledge of Venom Bolt by Vehumet.
 14699 | D:12     | Reached XP level 13. HP: 54/79 MP: 13/32
 14709 | D:12     | Noticed a deep troll earth mage
 15040 | D:12     | Killed a deep troll earth mage
 15040 | D:12     | Reached skill level 17 in Earth Magic
 15213 | D:12     | Gained mutation: Your spells are a little easier to cast, but a little less powerful. [mutagenic meat]
 15261 | D:12     | Noticed Nergalle
 15273 | D:12     | Killed Nergalle
 15425 | D:12     | Noticed a catoblepas
 15427 | D:12     | Identified a +2 rod of the swarm (13/13) (You took it off a two-headed ogre on level 11 of the Dungeon)
 15466 | D:12     | Killed a catoblepas
 15472 | D:12     | Noticed a centaur warrior
 15491 | D:12     | Killed a centaur warrior
 15748 | D:12     | Noticed a storm dragon
 15786 | D:12     | Killed from afar by a storm dragon

Inventory:

Missiles
 b - 174 stones (in hand)
Armour
 q - a +2 pair of boots (worn)
 H - a +1 steam dragon armour (worn)
 I - a +0 cloak of magic resistance (worn)
Magical staves
 v - an uncursed staff of wizardry
Rods
 y - a +2 rod of the swarm (13/13)
   (You took it off a two-headed ogre on level 11 of the Dungeon)
Jewellery
 l - a ring of stealth (right hand)
 D - a ring of sustain abilities (left hand)
Magical devices
 z - a wand of paralysis (9)
Scrolls
 e - a scroll of immolation
 h - 4 scrolls of remove curse
 s - 2 scrolls of amnesia
Potions
 j - a potion of magic {unknown}
 k - a potion of agility {unknown}
 m - 3 potions of resistance
 r - a potion of degeneration {unknown}
 u - 5 potions of restore abilities
 w - a potion of invisibility {unknown}
 A - 2 potions of cure mutation
 J - a potion of beneficial mutation {unknown}
Books
 d - a book of Geomancy

   Spells                             Type                      Level
   a - Sandblast                      Earth                        1
   b - Stoneskin                      Transmutation/Earth          2
   c - Passwall                       Transmutation/Earth          3
   d - Stone Arrow                    Conjuration/Earth            3
   e - Petrify                        Transmutation/Earth          4
   f - Lee's Rapid Deconstruction     Earth                        5
Miscellaneous
 c - a fan of gales
Comestibles
 a - 10 bread rations
 f - 5 meat rations
 n - 11 fruits
 E - 8 beef jerkies
 F - 10 royal jellies

Table legend:
 A = Turns spent in this place as a percentage of turns spent in the entire game.
 B = Non-inter-level travel turns spent in this place as a percentage of non-inter-level travel turns spent in the entire game.
 C = Inter-level travel turns spent in this place as a percentage of turns spent in this place.
 D = Turns resting spent in this place as a percentage of non-inter-level travel turns spent in this place.
 E = Turns spent auto-exploring this place as a percentage of non-inter-level travel turns spent in this place.
 F = Non-inter-level travel turns spent in this place divided by the number of levels of this place that you've seen.
                   A       B       C       D       E      F
               +-------+-------+-------+-------+-------+----------------------
         Total | 100.0 | 100.0 |   0.5 |   8.3 |  10.9 | 286.5
       Dungeon |  99.7 |  99.7 |   0.5 |   8.3 |  10.6 | 309.3
        Temple |   0.3 |   0.3 |   7.7 |   0.0 |  91.7 |  12.0
               +-------+-------+-------+-------+-------+----------------------


   Skills:
 - Level 1.7 Dodging
 - Level 2.4 Stealth
 + Level 11.1 Spellcasting
 + Level 9.5 Conjurations
 - Level 1.1 Transmutations
 * Level 17.4 Earth Magic


You had 20 spell levels left.
You knew the following spells:

 Your Spells              Type           Power        Failure   Level  Hunger
a - Sandblast             Erth           ######       0%          1    None
b - Stone Arrow           Conj/Erth      #####.       0%          3    None
c - Lee's Rapid Deconstr  Erth           ######....   0%          5    ####...
d - Petrify               Trmt/Erth      ####....     1%          4    ##.....
e - Apportation           Tloc           #.........   4%          1    None


Dungeon Overview and Level Annotations

Branches:
Dungeon (12/15)            Temple (1/1) D:5            Lair (0/8) D:11
    Orc (0/4) D:9

Altars:
Ashenzari
Cheibriados
Dithmenos
Elyvilon
Fedhas
Gozag
Kikubaaqudgha
Makhleb
Nemelex Xobeh
Okawaru
Qazlal
Ru
Sif Muna
Trog
Vehumet
Xom
Yredelemnul
Zin
The Shining One
Beogh

Shops:
D:6 !=   D:10 %==   D:12 (

Portals:
Trove: D:10 (give wand of heal wounds (8))


Innate Abilities, Weirdness & Mutations

You are under a permanent stasis effect.
You can dig through walls and to a lower floor.
Your four strong arms can wield two-handed weapons with a shield.
You have a pair of large antennae on your head (SInv).
Your spells are a little easier to cast, but a little less powerful.


Message History

The storm dragon breathes lightning at you.
The bolt of lightning hits you!
You hear a shout!
Casting: Petrify
Confirm with . or Enter, or press ? or * to list all spells.
Aiming: Sandblast
Press: ? - help, Shift-Dir - straight line, f - storm dragon
Aim: a storm dragon (catching its breath, inner flame)
The rocky blast hits the storm dragon.
The storm dragon is lightly wounded.
The storm dragon bites you. The storm dragon barely misses you.
The storm dragon tramples you but does no damage.
Casting: Sandblast
Confirm with . or Enter, or press ? or * to list all spells.
Aiming: Sandblast
Press: ? - help, Shift-Dir - straight line, f/p - storm dragon
Aim: a storm dragon (lightly wounded, catching its breath, inner flame)
The rocky blast hits the storm dragon.
The storm dragon is lightly wounded.
The storm dragon bites you! The storm dragon closely misses you.
The storm dragon tramples you.
You stumble backwards!
Casting: Sandblast
Confirm with . or Enter, or press ? or * to list all spells.
Aiming: Sandblast
Press: ? - help, Shift-Dir - straight line, f/p - storm dragon
Aim: a storm dragon (lightly wounded, catching its breath, inner flame)
The rocky blast hits the storm dragon.
The storm dragon is moderately wounded.
The storm dragon bites you. The storm dragon claws you.
The storm dragon tramples you but does no damage.
Casting: Sandblast
Confirm with . or Enter, or press ? or * to list all spells.
Aiming: Sandblast
Press: ? - help, Shift-Dir - straight line, f/p - storm dragon
Aim: a storm dragon (moderately wounded, inner flame)
The rocky blast hits the storm dragon.
The storm dragon is moderately wounded.
The storm dragon breathes lightning at you.
The bolt of lightning hits you!
You die...

#.....#...........# #{#
#...(.#.......#...# #.#
......#...∩...#...####.#
......#.......#........#
......#.......#.....D..#
......#................#
......#######.#..###...#
................D......#
.......[........@......#
.......................#
........)..............#
######....[[...........#
.....#.................#
.....#.................#
.....#.................#
.....#.............##..#
.....#.................#


You could see a storm dragon (inner flame).

Table legend:
 A = Kills in this place as a percentage of kills in entire the game.
 B = Kills by you in this place as a percentage of kills by you in the entire game.
 C = Kills by friends in this place as a percentage of kills by friends in the entire game.
 D = Other kills in this place as a percentage of other kills in the entire game.
 E = Experience gained in this place as a percentage of experience gained in the entire game.
 F = Experience gained in this place divided by the number of levels of this place that you have seen.
                   A       B       C       D       E      F
               +-------+-------+-------+-------+-------+----------------------
         Total | 100.0 | 100.0 |  -nan | 100.0 | 100.0 | 2536.8
       Dungeon | 100.0 | 100.0 |  -nan | 100.0 | 100.0 | 2748.2
               +-------+-------+-------+-------+-------+----------------------

Vanquished Creatures
  A deep troll earth mage (D:12)
  A centaur warrior (D:12)
  Nergalle (D:12)
  A catoblepas (D:12)
  6 hill giants
  A wolf spider (D:11)
  A wolf spider zombie (D:11)
  A manticore (D:12)
  4 ugly things
  Maurice (D:11)
  A centaur zombie (D:12)
  2 gargoyles
  A komodo dragon (D:12)
  A queen bee (D:10)
  3 trolls
  Sonja (D:12)
  3 two-headed ogres
  A wraith (D:11)
  A shadow (D:12)
  2 wyverns
  2 steam dragons
  3 deep elf magi
  18 yaks
  4 hippogriffs
  Edmund (D:9)
  A vampire mosquito (D:11)
  A soldier ant (D:10)
  2 water moccasins
  5 orc warriors
  6 sky beasts
  4 black bears
  4 centaurs
  4 wasps
  A phantom (D:8)
  4 ice beasts
  9 ogres
  2 crocodiles
  2 big kobolds
  A wyvern zombie (D:9)
  Blork the orc (D:4)
  8 giant frogs
  A scorpion (D:6)
  22 killer bees
  7 wights
  A goliath beetle (D:10)
  A lava snake (D:12)
  3 orc priests
  4 giant frog skeletons
  5 hounds
  5 iguanas
  2 centaur skeletons
  2 gnoll shamans
  3 crimson imps
  12 orc wizards
  Natasha (thrice) (D:5)
  10 worker ants
  2 sheep (D:9)
  A mummy (D:8)
  3 worker ant zombies
  5 adders
  11 gnolls
  A giant mite (D:9)
  7 worms
  An adder zombie (D:5)
  3 giant geckos
  An ooze (D:4)
  43 orcs
  A bat skeleton (D:7)
  A bat zombie (D:7)
  5 giant cockroaches
  7 goblins
  8 hobgoblins
  10 jackals
  20 kobolds
  3 ball pythons
  23 bats
  A giant gecko zombie (D:6)
  6 giant newts
  6 giant spores
  A jackal skeleton (D:4)
  3 quokkas
  25 rats
  A spectral orc (D:12)
  13 ballistomycetes
  A plant (D:10)
411 creatures vanquished.

Vanquished Creatures (others)
  An orc warrior (D:12)
  A killer bee (D:12)
  A worker ant (D:12)
  An orc (D:12)
  A giant spore (D:12)
  A ballistomycete (D:12)
6 creatures vanquished.

Grand Total: 417 creatures vanquished

Action                   |  1- 3 |  4- 6 |  7- 9 | 10-12 | 13-15 || total
-------------------------+-------+-------+-------+-------+-------++-------
Melee: Unarmed           |    39 |    20 |       |       |       ||    59
 Cast: Sandblast         |    64 |    71 |    89 |   110 |    18 ||   352
       Stone Arrow       |       |     2 |    96 |   102 |    24 ||   224
       Lee's Rapid Decon |       |       |     6 |    93 |    18 ||   117
       Petrify           |       |       |     3 |    21 |     2 ||    26
 Abil: Dig               |     1 |       |       |     4 |     3 ||     8
Evoke: Wand              |       |       |     2 |       |       ||     2
       Rod               |       |       |       |       |     2 ||     2
  Use: Scroll            |     1 |       |     6 |     9 |     4 ||    20
       Potion            |       |       |       |     4 |     8 ||    12
  Eat: Chunk             |     3 |     6 |    22 |    34 |     6 ||    71
       Royal jelly       |       |       |       |     1 |       ||     1
       Meat ration       |       |       |       |     2 |       ||     2

Vault maps used:
D:1:      lightli_arrival_statue_moat
D:2:      fedhas_altar_3
D:4:      uniq_blork_the_orc
D:5:      grunt_temple_overflow_open, minmay_temple_entry_trees, first_bread,
          uniq_natasha
D:6:      vehumet_crystals, serial_shops, shop, nicolae_shop_behind_doors,
          serial_glass, glass_columns_c, glass_columns_a
D:7:      zin_academy, basic_altar
D:8:      kennysheep_mini_moat, tso_oasis_becter, nicolae_gozag_seed_capital
D:9:      david_orc_5, minmay_misc_feat_hallway, uniq_edmund
D:10:     nicolae_trove_entry_columns, serial_shops, nicolae_shop_stone,
          nicolae_shop_trees, shop, hangedman_pestilent_swarm,
          grunt_ministairs_3, nicolae_looking_at_the_future
D:11:     lair_0_dummy, lightli_swarmer, uniq_maurice
D:12:     thingy_vault, serial_shops, shop, kennysheep_cross_room,
          lemuel_flamethrower_3, uniq_sonja, uniq_nergalle
Temple:   circular_temple_12
